AoeStats
← Párečkuss Maximus

Arena

509927546Analyzed
3v3 RM · 5d ago on Sep 28, 2026· 67m 3s· 6 players
Game mode
Random Map
Map size
Normal (6 player)
Population
200
Speed
Normal
Resources
Standard
Victory
Conquest
Starting age
Dark Age
Ending age
Imperial Age
RankedLock teamsTeams togetherTeam positionsShared explorationLock speedFull tech treeHidden civsTurbo modeCheats
Victory
Defeat
🇩🇪 Muisca · Germany
881
+17
🇩🇪 Tatars · Germany
874
+17
🇩🇪 Malians · Germany
868
+17
🇺🇸 Italians · United States
911
-17
🇨🇿 Persians · Czechia
900
-48
🇪🇸 Vietnamese · Spain
891
-17
GBM I Vertigo
14:58 Feudal Age
19:14 Castle Age
17:03 Champi Runner
17:47 Scale Mail Armor
19:33 Double-Bit Axe
19:32 Horse Collar
20:13 Champi Warrior
21:11 Forging
24:14 Squires
24:58 Iron Casting
24:14 Fletching
26:03 Ballistics
26:06 Heavy Plow
26:22 Bow Saw
27:45 Herbalism
27:41 Town Watch
29:17 Bodkin Arrow
32:16 Murder Holes
33:48 Wheelbarrow
37:29 Imperial Age
38:42 Masonry
38:07 Elite Champi Warrior
41:00 Chemistry
40:41 Block Printing
41:54 Conscription
44:01 Hand Cart
44:47 Siege Engineers
48:22 Pikeman
57:33 Theocracy
62:27 Fervor
63:24 Sanctity
65:03 Illumination
Ronin501
5:14 Loom
12:03 Feudal Age
14:25 Double-Bit Axe
19:14 Castle Age
17:36 Forging
17:26 Padded Archer Armor
18:30 Scale Mail Armor
18:21 Fletching
34:16 Imperial Age
31:31 Crossbowman
33:08 Ballistics
32:45 Murder Holes
33:48 Bodkin Arrow
34:50 Wheelbarrow
34:54 Fortified Wall
37:56 Chemistry
38:19 Guard Tower
40:52 Scale Barding Armor
45:28 Chain Barding Armor
45:43 Iron Casting
45:09 Bracer
45:29 Hand Cart
44:59 Town Watch
47:00 Pikeman
48:42 Silk Armor
49:12 Elite Skirmisher
52:28 Squires
51:49 Halberdier
56:05 Blast Furnace
61:53 Town Patrol
64:53 Masonry
64:53 Careening
64:25 Treadmill Crane
65:20 Caravan
67:02 Arson
67:40 Leather Archer Armor
68:01 Plate Barding Armor
BButcher23
12:06 Feudal Age
17:23 Castle Age
15:21 Double-Bit Axe
15:18 Horse Collar
15:50 Loom
16:40 Wheelbarrow
16:48 Loom
18:55 Bow Saw
18:37 Gold Mining
18:51 Heavy Plow
20:08 Hand Cart
19:38 Loom
19:38 Town Watch
28:50 Forging
28:45 Scale Barding Armor
32:19 Imperial Age
31:33 Fletching
32:21 Iron Casting
32:06 Chain Barding Armor
33:05 Bloodlines
32:56 Husbandry
33:15 Farimba
33:38 Conscription
32:53 Cavalier
35:56 Chemistry
34:52 Murder Holes
38:43 Plate Barding Armor
50:39 Scale Mail Armor
50:14 Elite Gbeto
50:53 Pikeman
52:12 Squires
51:59 Arson
55:10 Chain Mail Armor
65:55 Plate Mail Armor
Párečkuss Maximus
6:54 Loom
12:22 Feudal Age
13:24 Horse Collar
13:31 Double-Bit Axe
14:40 Wheelbarrow
14:33 Gold Mining
19:42 Castle Age
20:54 Gold Shaft Mining
20:32 Bow Saw
20:24 Heavy Plow
29:02 Hand Cart
30:25 Bloodlines
30:15 Husbandry
38:47 Scale Barding Armor
38:58 Forging
42:23 Imperial Age
42:55 Elite War Elephant
44:51 Chain Barding Armor
45:07 Iron Casting
49:00 Plate Barding Armor
49:25 Blast Furnace
paujou92
11:41 Feudal Age
12:11 Double-Bit Axe
12:08 Horse Collar
12:21 Gold Mining
12:22 Stone Mining
14:39 Wheelbarrow
19:16 Castle Age
17:33 Fletching
18:43 Padded Archer Armor
20:32 Bodkin Arrow
21:31 Bow Saw
25:11 Leather Archer Armor
26:32 Forging
31:22 Imperial Age
30:00 Heavy Plow
30:38 Stone Shaft Mining
29:54 Loom
32:07 Hand Cart
31:53 Murder Holes
34:38 Chemistry
33:49 Masonry
35:12 Bracer
35:43 Ring Archer Armor
38:11 Ballistics
38:23 Caravan
39:40 Chatras
40:01 Paper Money
40:21 Bloodlines
40:13 Husbandry
40:32 Scale Barding Armor
44:08 Elite Battle Elephant
44:36 Elite Rattan Archer
50:41 Forging
50:52 Chain Barding Armor
53:15 Crop Rotation
Gauntlet
12:38 Feudal Age
13:14 Arson
13:23 Man-at-Arms
14:44 Forging
16:52 Loom
16:56 Double-Bit Axe
19:11 Scale Mail Armor
19:30 Fletching
22:50 Castle Age
20:54 Gold Mining
24:33 Pikeman
26:00 Town Watch
27:04 Pikeman
28:01 Chain Mail Armor
28:46 Bodkin Arrow
29:42 Wheelbarrow
29:18 Bow Saw
28:34 Long Swordsman
30:13 Horse Collar
36:05 Silk Road
40:34 Imperial Age
40:58 Heavy Plow
42:54 Plate Mail Armor
Connection lost

Rejoining the realm…

Still unreachable

The connection could not be restored.

Session expired

The server has moved on; the page needs a fresh start.